 Dungeon Crawl Stone Soup version 0.27-a0-650-g8dd3ea4f36 (webtiles) character file.

Game seed: 15031672773991488767

122877 stank58 the Bludgeoner (level 16, -9/152 HPs)
             Began as a Minotaur Berserker on Mar 12, 2021.
             Was a High Priest of Trog.
             Collided with some lava (10 damage)
             ... caused by a swamp worm
             ... while petrified
             ... on level 1 of the Swamp on Mar 15, 2021.
             The game lasted 01:09:54 (27829 turns).

stank58 the Bludgeoner (Minotaur Berserker)        Turns: 27829, Time: 01:09:55

Health: -9/152     AC: 28    Str: 37    XL:     16   Next: 35%
Magic:  0/15       EV:  2    Int:  4    God:    Trog [*****.]
Gold:   2069       SH:  0    Dex: 20    Spells: 15/15 levels left

rFire    . . .     SeeInvis .   I - +9 eveningstar of Buar Isi {drain, +Blink +Rage rN+ Will+}
rCold    . . .     Faith    .   q - +0 buckler
rNeg     + + +     Spirit   +   j - +4 plate armour
rPois    ∞         Reflect  .   (helmet unavailable)
rElec    +         Harm     .   C - +0 cloak
rCorr    .         Rampage  .   G - +2 pair of gloves {Str+3}
Will     ++...                  a - +0 pair of boots "Qafoinu" {rElec}
Stlth    ..........             v - amulet of Ibitukla {Spirit *Contam Str+3 Dex+2}
HPRegen  0.35/turn              p - +6 ring of dexterity
MPRegen  0.14/turn              L - +6 ring of strength

@: lethally poisoned (-9 -> -9), petrified, heavily contaminated, slowed,
glowing
A: horns 3, retaliatory headbutt, talons 1, weak 1, no potion heal 1
a: Renounce Religion, Evoke Blink, Evoke Berserk Rage, Berserk, Trog's Hand,
Brothers in Arms


You were on level 1 of the Swamp.
You worshipped Trog.
Trog was extremely pleased with you.
You visited 5 branches of the dungeon, and saw 25 of its levels.

You collected 3429 gold pieces.
You spent 1360 gold pieces at shops.

Inventory:

Hand Weapons
 I - the +9 eveningstar of Buar Isi (weapon) {drain, +Blink +Rage rN+ Will+}
   (You acquired it on level 12 of the Dungeon)

   A truly terrible weapon, it drains the life of those it strikes.
   It protects you from negative energy.
   It affects your willpower, your defense against some magical effects.
   It lets you blink.
   It lets you go berserk.
 Q - a +7 vampiric mace
Armour
 a - the +0 pair of boots "Qafoinu" (worn) {rElec}
   (You acquired it on level 12 of the Dungeon)

   It insulates you from electricity.
 j - a +4 plate armour (worn)
 l - a +0 plate armour of cold resistance
 q - a +0 buckler (worn)
 C - a +0 cloak (worn)
 G - a +2 pair of gloves of strength (worn)
Jewellery
 b - a ring of resist corrosion
 d - an amulet of reflection
 e - a ring of ice
 f - a ring of see invisible
 p - a +6 ring of dexterity (right hand)
 v - the amulet of Ibitukla (around neck) {Spirit *Contam Str+3 Dex+2}
   (You found it on level 7 of the Dungeon)

   [amulet of guardian spirit]

   It causes incoming damage to be split between your health and magic.
   It affects your strength (+3).
   It affects your dexterity (+2).
   It causes magical contamination when unequipped.
 J - an amulet of faith
 L - a +6 ring of strength (left hand)
 M - a ring of fire
 R - an amulet of regeneration
Wands
 n - a wand of acid (31)
 s - a wand of random effects (21)
 y - a wand of flame (36)
 F - a wand of paralysis (19)
 H - a wand of polymorph (19)
 N - a wand of iceblast (8)
 O - a wand of charming (10)
Scrolls
 i - 2 scrolls of fog
 k - a scroll of summoning
 m - 10 scrolls of teleportation
 r - 3 scrolls of blinking
 t - 2 scrolls of holy word
 u - 2 scrolls of magic mapping
 z - 11 scrolls of identify
Potions
 c - 4 potions of might
 g - 9 potions of curing
 h - 3 potions of magic
 o - 2 potions of mutation
 w - 3 potions of cancellation
 x - 2 potions of haste
 A - 6 potions of lignification
 B - 2 potions of resistance
 D - a potion of berserk rage
 K - 3 potions of heal wounds
 P - a potion of invisibility
Miscellaneous
 E - a tin of tremorstones (2/2)


   Skills:
 * Level 16.6 Fighting
 * Level 19.0 Maces & Flails
 * Level 16.4 Armour
 * Level 11.1 Dodging
 - Level 1.9 Stealth
 * Level 12.2 Shields


You had 15 spell levels left.
You didn't know any spells.
Your spell library was empty.

Dungeon Overview and Level Annotations

Branches:
Dungeon (15/15)            Temple (1/1) D:5            Lair (6/6) D:8
  Swamp (1/4) Lair:4        Snake (0/4) Lair:3        Slime (0/5) Lair:5
    Orc (2/2) D:9             Elf (0/3) Orc:2        Vaults (0/5) D:14
 Depths (0/5) D:15

Altars:
Ashenzari
Cheibriados
Dithmenos
Elyvilon
Fedhas
Gozag
Hepliaklqana
Kikubaaqudgha
Makhleb
Nemelex Xobeh
Okawaru
Qazlal
Ru
Sif Muna
Trog
Uskayaw
Vehumet
Wu Jian
Xom
Yredelemnul
Zin
The Shining One
Jiyva

Shops:
D:12 ?(*[   Orc:2 *(*?:

Annotations:
Swamp:1 1 transporter


Innate Abilities, Weirdness & Mutations

You have a pair of large horns on your head.
You reflexively headbutt those who attack you in melee.
You have sharp toenails.
You are weak. (Str -2)
Potions are less effective at restoring your health.


Message History

* * * LOW HITPOINT WARNING * * *
The hell beast bites your iron troll!
The hell beast tramples your iron troll!
Your iron troll holds its ground!
The swamp worm fires a harpoon shot at you.
The harpoon shot hits you.
* * * LOW HITPOINT WARNING * * *
You are yanked forward by the harpoon shot.
You violently stop moving!
* * * LOW HITPOINT WARNING * * *
Your iron troll closely misses the hell beast.
Your iron troll claws the hell beast! x2
The swamp worm fires a harpoon shot at you.
The harpoon shot hits you!
* * * LOW HITPOINT WARNING * * *
You are yanked forward by the harpoon shot.
You violently stop moving!
The swamp worm fires a harpoon shot at you.
The harpoon shot hits you but does no damage.
The hell beast bites your iron troll but does no damage.
The hell beast tramples your iron troll!
Your iron troll holds its ground!
The swamp worm fires a harpoon shot at you.
The harpoon shot hits you!
* * * LOW HITPOINT WARNING * * *
You are yanked forward by the harpoon shot.
You violently stop moving!
* * * LOW HITPOINT WARNING * * *
Your iron troll bites the hell beast!!
The hell beast dies!
The swamp worm fires a harpoon shot at you.
The harpoon shot hits you but does no damage.
The swamp worm fires a harpoon shot at you.
The harpoon shot hits you but does no damage.
The swamp worm fires a harpoon shot at you.
The harpoon shot hits you!
* * * LOW HITPOINT WARNING * * *
You are yanked forward by the harpoon shot.
You violently stop moving!
You die...

♣≈♣..≈≈.≈...♣ ♣♣♣ ♣♣........
...≈...≈..§.♣♣♣≈♣♣♣ ♣♣♣≈.≈≈.≈...
♣≈..≈♣≈♣♣♣..♣♣..≈≈♣♣♣♣...≈≈≈≈≈§..
♣...♣†...≈.≈♣♣....≈...≈.≈≈..≈≈...
≈≈§.♣.≈...................≈†..≈♣
≈≈≈.♣.≈.#################...≈♣♣♣
.≈≈.....#w#♣#♣#w#♣#w#§#§##....♣
≈....####§≈§§≈#§≈§≈§#§§§§##.≈.♣♣.
..)..#[)#PPPPP☼P@P..§§§§§P#.≈.♣.≈
...♣©#©?+.^^^^^^^^^§°§§§§§#©....≈
.♣♣♣.#=?#PP○PPPPP○P.§§§§§§#...≈≈.
.≈♣♣.####≈≈#≈≈≈≈≈#≈≈§§§§§##....♣≈
..≈≈....##w#w#w#♣#w#T#§###..≈≈..≈
≈.....=.#################...≈..≈≈
♣..≈≈.≈....................≈...≈≈
♣..≈≈≈.≈.≈....≈≈.....≈.≈≈≈....<.≈
♣♣.....≈...≈≈..≈≈≈......≈≈≈≈....≈


You could see 6 swamp worms and a friendly iron troll (summoned, berserk).

Vanquished Creatures
  Jorgrun (D:12)
  Louise (Swamp:1)
  An orc warlord (Orc:2)
  A minotaur (D:13)
  The ghost of Neix the Fighter, a journeyman BaSk of Qazlal (Lair:2)
  The ghost of Neix the Fighter, a journeyman BaSk of Qazlal (Lair:2)
  An eleionoma (Swamp:1)
  An ettin (Orc:2)
  The ghost of CypherZel the Geomancer, a journeyman GnWn of Trog (Lair:1)
  The ghost of Eloej the Champion of Chaos, a journeyman DDFi of Makhleb (Orc:1)
  Harold (Lair:2)
  10 hydras
  2 vault guards (D:14)
  3 catoblepae
  An ogre mage (D:14)
  An anaconda (Lair:6)
  Erica (D:8)
  A death knight (D:15)
  4 two-headed ogres
  5 boulder beetles
  A centaur warrior (D:14)
  An alligator (Swamp:1)
  The ghost of Vejex the Destroyer, a journeyman DEFE of Sif Muna (Lair:2)
  A tengu warrior (D:15)
  A deep troll shaman (Lair:6)
  An orc high priest (Orc:2)
  13 death yaks
  3 goliath frogs (Swamp:1)
  The ghost of kae the Martial Artist, a novice DsGl of Wu Jian (D:6)
  The ghost of adept the Skirmisher, a novice FoAK of Lugonu (D:6)
  3 skeletal warriors (D:12)
  2 unseen horrors (D:14)
  A deep elf archer (D:14)
  A wizard (D:15)
  2 necromancers
  2 deep elf pyromancers
  Pikel (D:8)
  A deep elf zephyrmancer (D:15)
  8 orc knights
  10 ugly things
  An orc sorcerer (Orc:2)
  A wolf spider zombie (D:15)
  A manticore (D:15)
  2 cyclopes
  24 elephants
  6 black mambas
  A naga mage (D:15)
  6 centaur zombies
  2 gargoyles
  14 cane toads
  5 rime drakes
  Psyche (D:10)
  A kobold demonologist (D:12)
  14 komodo dragons
  6 trolls
  A troll (shapeshifter) (D:13)
  5 polar bears
  A hornet (D:12)
  18 slime creatures
  7 blink frogs
  A tyrant leech (Swamp:1)
  A harpy skeleton (D:13)
  A meliai zombie (D:12)
  A shadow (D:15)
  7 wraiths
  6 wyverns
  44 yaks
  3 basilisks
  A yak (shapeshifter) (D:10)
  A human (D:14)
  4 hogs (Swamp:1)
  6 vampire mosquitoes
  A swamp worm (Swamp:1)
  Edmund (D:6)
  An acid dragon (D:15)
  3 nagas (Lair:3)
  5 wargs
  17 water moccasins
  4 ice beasts
  A hornet zombie (D:8)
  2 removed eyes of draining
  3 black bears
  26 orc warriors
  3 sky beasts
  5 ogres
  28 wolves
  3 phantoms
  12 centaurs
  A lemure (D:8)
  Blork the orc (D:4)
  3 kobold brigands
  19 bullfrogs
  2 wyvern skeletons
  5 scorpions
  16 killer bees
  4 wights (D:10)
  4 howler monkeys
  6 electric eels
  A quasit (D:7)
  6 jellies
  A bullfrog skeleton (D:10)
  10 orc priests
  2 centaur skeletons
  11 hounds
  5 iguanas
  28 orc wizards
  12 worker ants
  5 hell rats (Lair:2)
  3 yak simulacra (Lair:4)
  4 wolf simulacra (Lair:4)
  A worker ant zombie (D:9)
  10 adders
  2 shadow imps
  2 white imps
  2 ufetubi
  3 oozes
  2 adder skeletons
  4 worms (D:2)
  A dart slug (D:3)
  8 leopard geckos
  84 orcs
  5 bats
  8 giant cockroaches
  11 goblins
  7 hobgoblins
  19 jackals
  7 quokkas
  2 frilled lizards
  A jackal skeleton (D:5)
  24 kobolds
  2 leopard gecko zombies
  A quokka zombie (D:5)
  13 rats
  4 river rat simulacra (Lair:4)
  5 briar patches (Swamp:1)
779 creatures vanquished.

Vanquished Creatures (collateral kills)
  Frances (Swamp:1)
  Kirke (Swamp:1)
  The ghost of ma3 the Covert, a journeyman OpCj of Ashenzari (D:13)
  Snorg (D:10)
  Josephine (Orc:1)
  A hydra (D:13)
  A hell beast (Swamp:1)
  An ogre mage (Orc:2)
  A two-headed ogre (Orc:2)
  Nergalle (Orc:1)
  A skeletal warrior (D:12)
  A wizard (D:14)
  An orc sorcerer (Orc:2)
  A troll (Orc:2)
  2 tyrant leeches (Swamp:1)
  4 wraiths (Orc:1)
  2 wargs (Orc:2)
  A swamp drake (Swamp:1)
  19 orc warriors
  8 centaurs
  2 ogres
  A wolf (Lair:2)
  A bullfrog (Lair:2)
  A scorpion (D:10)
  4 orc priests (Orc:2)
  4 orc wizards (Orc:2)
  A worker ant (D:13)
  15 orcs (Orc:2)
  2 briar patches (Swamp:1)
81 creatures vanquished.

Vanquished Creatures (others)
  3 swamp worms (Swamp:1)
  An orc wizard (Orc:2)
  8 briar patches (Swamp:1)
  A bush (Lair:3)
  9 fungi
  26 plants
48 creatures vanquished.

Grand Total: 908 creatures vanquished

Notes
Turn   | Place    | Note
-------+----------+-------------------------------------------
     0 | D:1      | stank58 the Minotaur Berserker began the quest for the Orb.
     0 | D:1      | Reached XP level 1. HP: 19/19 MP: 0/0
   420 | D:1      | Reached skill level 4 in Maces & Flails
   420 | D:1      | Reached XP level 2. HP: 27/27 MP: 1/1
   911 | D:2      | Reached XP level 3. HP: 33/34 MP: 2/2
  1012 | D:2      | Reached ** piety under Trog
  1611 | D:2      | Reached XP level 4. HP: 41/41 MP: 3/3
  1696 | D:2      | Found an ancient bone altar of Kikubaaqudgha.
  2301 | D:3      | Reached *** piety under Trog
  2374 | D:3      | Reached skill level 5 in Maces & Flails
  2853 | D:4      | Reached XP level 5. HP: 47/47 MP: 4/4
  2860 | D:4      | Reached skill level 5 in Fighting
  2860 | D:4      | Reached skill level 6 in Maces & Flails
  2860 | D:4      | Reached XP level 6. HP: 56/56 MP: 5/5
  2900 | D:4      | Found an ornate altar of the Wu Jian Council.
  2928 | D:4      | Noticed Blork the orc
  2934 | D:4      | Killed Blork the orc
  3080 | D:4      | Reached skill level 1 in Shields
  3289 | D:4      | Found a stormy altar of Qazlal.
  3371 | D:4      | Reached skill level 7 in Maces & Flails
  3371 | D:4      | Reached XP level 7. HP: 61/61 MP: 6/6
  3377 | D:4      | Reached **** piety under Trog
  3526 | D:5      | Entered Level 5 of the Dungeon
  4083 | D:5      | Found a staircase to the Ecumenical Temple.
  4118 | Temple   | Entered the Ecumenical Temple
  4491 | D:6      | Found a shimmering altar of Xom.
  4533 | D:6      | Reached skill level 8 in Maces & Flails
  4533 | D:6      | Reached skill level 5 in Armour
  4701 | D:6      | Reached XP level 8. HP: 47/70 MP: 7/7
  4907 | D:6      | Noticed Edmund
  4917 | D:6      | Killed Edmund
  4981 | D:6      | Reached skill level 9 in Maces & Flails
  5210 | D:6      | Found a runed translucent gate.
  5210 | D:6      | Found a runed translucent gate.
  5210 | D:6      | Found a runed translucent gate.
  5211 | D:6      | Noticed adept's ghost (novice FoAK)
  5212 | D:6      | Noticed kae's ghost (novice DsGl)
  5233 | D:6      | Killed adept's ghost
  5234 | D:6      | Reached skill level 10 in Maces & Flails
  5347 | D:6      | Killed kae's ghost
  5348 | D:6      | Reached XP level 9. HP: 17/78 MP: 8/8
  5861 | D:7      | Reached skill level 11 in Maces & Flails
  6182 | D:7      | Identified the amulet of Ibitukla {Spirit *Contam Str+3
                  | Dex+2}
  6560 | D:8      | Noticed Pikel
  6566 | D:8      | Killed Pikel
  6660 | D:8      | Gained mutation: Your flesh is cold resistant. (rC+)
                  | [potion of mutation]
  6660 | D:8      | Gained mutation: You have sharp toenails. [potion of
                  | mutation]
  6661 | D:8      | Lost mutation: Your flesh is cold resistant. (rC+) [potion
                  | of mutation]
  6661 | D:8      | Lost mutation: You have sharp toenails. [potion of
                  | mutation]
  6661 | D:8      | Gained mutation: You have a pair of large horns on your
                  | head. [potion of mutation]
  6661 | D:8      | Gained mutation: Potions are less effective at restoring
                  | your health. [potion of mutation]
  6661 | D:8      | Gained mutation: You have sharp toenails. [potion of
                  | mutation]
  6696 | D:8      | Noticed Erica
  6701 | D:8      | Killed Erica
  6702 | D:8      | Reached skill level 1 in Stealth
  6766 | D:8      | Reached XP level 10. HP: 80/86 MP: 7/9
  6869 | D:8      | Reached skill level 12 in Maces & Flails
  6869 | D:8      | Reached skill level 5 in Shields
  6884 | D:8      | Found a staircase to the Lair.
  7153 | D:8      | Reached skill level 5 in Dodging
  7154 | D:8      | Reached ***** piety under Trog
  8177 | D:9      | Found a radiant altar of Vehumet.
  8178 | D:9      | Noticed a two-headed ogre
  8184 | D:9      | Killed a two-headed ogre
  8253 | D:9      | Found a bloodstained altar of Trog.
  8323 | D:9      | Found a staircase to the Orcish Mines.
  8496 | D:9      | Reached skill level 13 in Maces & Flails
  8819 | D:9      | Reached skill level 10 in Armour
  8995 | D:10     | Entered Level 10 of the Dungeon
  9009 | D:10     | Noticed Psyche
  9012 | D:10     | Killed Psyche
  9014 | D:10     | Noticed Snorg
  9027 | D:10     | Killed Snorg
  9028 | D:10     | Reached XP level 11. HP: 25/95 MP: 1/10
  9492 | D:10     | Noticed a cyan ugly thing
  9510 | D:10     | Killed a cyan ugly thing
 10013 | D:11     | Received a gift from Trog
 10360 | D:11     | Noticed a white ugly thing
 10368 | D:11     | Killed a white ugly thing
 10372 | D:11     | Reached skill level 14 in Maces & Flails
 10501 | D:11     | Noticed a boulder beetle
 10531 | D:11     | Killed a boulder beetle
 10852 | D:11     | Noticed an eight-headed hydra
 10858 | D:11     | Killed an eight-headed hydra
 11041 | D:12     | Found Monuuta's Antique Armour Emporium.
 11464 | D:12     | Noticed a skeletal warrior
 11465 | D:12     | Noticed a skeletal warrior
 11470 | D:12     | Noticed a skeletal warrior
 11472 | D:12     | Noticed a skeletal warrior
 11476 | D:12     | Killed a skeletal warrior
 11477 | D:12     | Reached XP level 12. HP: 106/106 MP: 7/11
 11488 | D:12     | Reached skill level 10 in Fighting
 11502 | D:12     | Noticed a boulder beetle
 11509 | D:12     | Killed a boulder beetle
 11970 | D:12     | Identified 3 scrolls of acquirement
 11971 | D:12     | Acquired the +0 pair of boots "Qafoinu" {rElec}
 11982 | D:12     | Acquired the +9 eveningstar of Buar Isi {drain, +Blink
                  | +Rage rN+ Will+}
 11985 | D:12     | Acquired a +0 pair of gloves of strength
 12021 | D:12     | Found Waif's Antique Weapon Boutique.
 12114 | D:12     | Found Sitwi's Magic Scroll Emporium.
 12120 | D:12     | Reached ****** piety under Trog
 12284 | D:12     | Bought a scroll of identify for 26 gold pieces
 12300 | D:12     | Received a gift from Trog
 12470 | D:12     | Noticed Jorgrun
 12485 | D:12     | Killed Jorgrun
 12486 | D:12     | Reached skill level 15 in Maces & Flails
 12869 | D:12     | Identified the +7 falchion "Hydraslayer" {elec, rC+ Will-
                  | Str+4}
 13561 | D:12     | Found Naupoh's General Store.
 13571 | D:12     | Bought a potion of heal wounds for 65 gold pieces
 13925 | Orc:1    | Entered Level 1 of the Orcish Mines
 13925 | Orc:1    | Noticed Nergalle
 13998 | Lair:1   | Entered Level 1 of the Lair of Beasts
 14009 | Lair:1   | Found a runed translucent gate.
 14009 | Lair:1   | Found a runed translucent gate.
 14009 | Lair:1   | Found a runed translucent gate.
 14010 | Lair:1   | Noticed CypherZel's ghost (journeyman GnWn)
 14069 | Lair:1   | Noticed an eight-headed hydra
 14075 | Lair:1   | Killed an eight-headed hydra
 14987 | Lair:1   | Killed CypherZel's ghost
 14988 | Lair:1   | Reached XP level 13. HP: 116/116 MP: 10/12
 15128 | Lair:2   | Received a gift from Trog
 15336 | Lair:2   | Noticed Harold
 15348 | Lair:2   | Reached skill level 16 in Maces & Flails
 15349 | Lair:2   | Killed Harold
 15618 | Lair:2   | Found a runed translucent gate.
 15618 | Lair:2   | Found a runed translucent gate.
 15620 | Lair:2   | Found a runed translucent gate.
 15621 | Lair:2   | Noticed Neix's ghost (journeyman BaSk)
 15621 | Lair:2   | Noticed Neix's ghost (journeyman BaSk)
 15622 | Lair:2   | Noticed Vejex's ghost (journeyman DEFE)
 15638 | Lair:2   | Killed Neix's ghost
 15644 | Lair:2   | Killed Vejex's ghost
 15648 | Lair:2   | Killed Neix's ghost
 15943 | Lair:3   | Found a staircase to the Snake Pit.
 16892 | Lair:3   | Reached XP level 14. HP: 117/127 MP: 11/13
 17362 | Lair:4   | Reached skill level 17 in Maces & Flails
 17378 | Lair:4   | Received a gift from Trog
 17522 | Lair:4   | Found a staircase to the Swamp.
 17617 | Lair:4   | Reached skill level 10 in Shields
 17713 | Lair:4   | Found a bloodstained altar of Trog.
 18900 | Lair:5   | Found a runed translucent door.
 18900 | Lair:5   | Found a viscous altar of Jiyva.
 18905 | Lair:5   | Found a staircase to the Slime Pits.
 19405 | Lair:6   | Entered Level 6 of the Lair of Beasts
 19431 | Lair:6   | Received a gift from Trog
 19506 | Lair:6   | Reached skill level 15 in Armour
 20149 | Lair:6   | Reached skill level 10 in Dodging
 20154 | Lair:6   | Reached XP level 15. HP: 139/139 MP: 14/14
 20678 | Lair:6   | Identified the +7 flail of the Wasteland {flame, *Rage
                  | +Blink Will- MP+9}
 21080 | Orc:1    | Killed Nergalle
 21081 | Orc:1    | Reached skill level 15 in Fighting
 21104 | Orc:1    | Noticed Josephine
 21107 | Orc:1    | Killed Josephine
 21296 | Orc:2    | Entered Level 2 of the Orcish Mines
 21352 | Orc:2    | Reached skill level 18 in Maces & Flails
 21352 | Orc:2    | Received a gift from Trog
 21359 | Orc:2    | Noticed an orc warlord
 21383 | Orc:2    | Found Railetah's Book Shop.
 21750 | Orc:1    | Found a large runed translucent door.
 21751 | Orc:1    | Found a large runed translucent door.
 21758 | Orc:1    | Noticed Eloej's ghost (journeyman DDFi)
 21886 | Orc:1    | Killed Eloej's ghost
 21974 | Orc:2    | Found a staircase to the Elven Halls.
 22165 | Orc:2    | Killed an orc warlord
 22596 | Orc:2    | Found Tulekh's Weapon Boutique.
 22596 | Orc:2    | Found Iseinwu's Assorted Antiques.
 22598 | Orc:2    | Found Pang's Magic Scroll Shoppe.
 22600 | Orc:2    | Found Usoituwu's General Store.
 22605 | Orc:2    | Bought a scroll of identify for 66 gold pieces
 22605 | Orc:2    | Bought a scroll of enchant armour for 247 gold pieces
 22605 | Orc:2    | Bought a scroll of identify for 66 gold pieces
 22612 | Orc:2    | Bought a potion of heal wounds for 55 gold pieces
 22612 | Orc:2    | Bought a potion of heal wounds for 55 gold pieces
 22617 | Orc:2    | Bought a scroll of acquirement for 780 gold pieces
 22617 | Orc:2    | Acquired 865 gold pieces
 23630 | D:13     | Found a runed translucent gate.
 23630 | D:13     | Found a runed translucent gate.
 23630 | D:13     | Found a runed translucent gate.
 23632 | D:13     | Noticed ma3's ghost (journeyman OpCj)
 23652 | D:13     | Killed ma3's ghost
 23655 | D:13     | Received a gift from Trog
 25153 | D:14     | Found a gate to the Vaults.
 25722 | D:14     | Found a sacrificial altar of Ru.
 25758 | D:15     | Entered Level 15 of the Dungeon
 25776 | D:15     | Reached XP level 16. HP: 147/151 MP: 13/15
 26381 | D:15     | Found a staircase to the Depths.
 26397 | D:15     | Received a gift from Trog
 26400 | D:15     | Upgraded the game from 0.27-a0-604-g29a88b33a7 to
                  | 0.27-a0-637-g3a9f0a9c12
 26428 | D:15     | Found a basalt altar of Yredelemnul.
 27114 | D:15     | Upgraded the game from 0.27-a0-637-g3a9f0a9c12 to
                  | 0.27-a0-650-g8dd3ea4f36
 27451 | Swamp:1  | Entered Level 1 of the Swamp
 27451 | Swamp:1  | Found a transporter.
 27451 | Swamp:1  | Noticed Frances
 27476 | Swamp:1  | Noticed Kirke
 27489 | Swamp:1  | Killed Kirke
 27563 | Swamp:1  | Killed Frances
 27697 | Swamp:1  | Noticed Louise
 27710 | Swamp:1  | Killed Louise
 27730 | Swamp:1  | Found a transporter.
 27764 | Swamp:1  | Reached skill level 19 in Maces & Flails
 27823 | Swamp:1  | Gained mutation: You are weak. (Str -2) [mutagenic glow]
 27829 | Swamp:1  | HP: 7/152 [swamp worm/harpoon shot (6)]
 27829 | Swamp:1  | HP: 1/152 [swamp worm/harpoon shot (5)]
 27829 | Swamp:1  | Collided with some lava

Illustrated notes

Levels and vault maps discovered:
D:1:      dpeg_arrival_arbitrary_c, layout_rooms
D:2:      layout_rooms, nicolae_overflow_hidden_temple
D:3:      layout_loops_corners
D:4:      layout_cave_pools, lemuel_crystal_altar, grunt_qazlal_clouds,
          uniq_blork_the_orc
D:5:      layout_basic, minmay_temple_entry_overgrown, serial_corexii_hall,
          corexii_hall_statues_s, chequers_hall_statues_wall_a
D:6:      layout_loops_ring, gammafunk_ghost_cemetery, basic_altar, uniq_edmund
D:7:      layout_cave_pools, amcnicky_mini_corridor_feature,
          serial_bayou_crossing
D:8:      layout_loops_ring, erik_lair_island, minmay_quadrilaterals,
          uniq_erica, uniq_pikel
D:9:      layout_irregular_city, bloody_trog, vehumet_altar_wand_db, erik_orc_3
D:10:     layout_rooms, lightli_fourway_metalbox, uniq_snorg, uniq_psyche
D:11:     layout_roguey
D:12:     layout_layer_cave, serial_shops, nicolae_shop_behind_doors, shop,
          shop, shop, uniq_jorgrun
D:13:     layout_layer_cave, maelrawn_ghost_gauntlet_escape
D:14:     layout_irregular_city, grunt_vaults_entry_fortified,
          nicolae_ru_path_of_blood
D:15:     grunt_enter_depths_magical_seal, layout_long_grid,
          yredelemnul_altar_generic
Temple:   nicolae_temple_no_exploring_needed
Lair:1:   layout_cave_shapes, gammafunk_ghost_split, serial_bayou_shore_a,
          grunt_megastairs_5
Lair:2:   layout_hall_layers, gammafunk_ghost_cemetery, serial_bayou_lagoon_b,
          uniq_harold
Lair:3:   layout_layer_cave, minmay_snake_entry_guardpost_small,
          lemuel_fruit_fields
Lair:4:   layout_roguey, swamp_mist_pool, basic_altar, eino_house_with_fridge,
          lemuel_fruit_tree, grunt_megastairs_4
Lair:5:   layout_roguey, slime_altar_2, grunt_megastairs_3
Lair:6:   grunt_lair_end_beastmaster, layout_hall_layers
Swamp:1:  gammafunk_worm_tunnel, layout_basic_swamp,
          evilmike_swamp_ruin_rubble_2, infiniplex_staircase_pool, uniq_roxanne,
          uniq_kirke, uniq_frances, uniq_louise
Orc:1:    layout_caves, ebering_ghost_disaster_area, uniq_nergalle,
          uniq_josephine
Orc:2:    st_orc_rangers, layout_caves, serial_shops, shop_statue, mines5_lemuel

Skill      XL: |  1  2  3  4  5  6  7  8  9 10 11 12 13 14 15 16 |
---------------+-------------------------------------------------+-----
Maces & Flails | 4 5 6 7 8 10 11 13 14 15 16 17 18 19 | 19.0
Fighting       | 4 5 6 7 8 9 11 12 14 16 | 16.6
Armour         | 3 4 5 7 8 10 11 13 14 15 16 | 16.4
Dodging        | 3 4 5 6 8 9 10 11 | 11.1
Shields        | 1 2 3 4 6 7 8 9 10 11 12 | 12.2
Stealth        | 1 |  1.9

Action                   |  1- 3 |  4- 6 |  7- 9 | 10-12 | 13-15 | 16-18 || total
-------------------------+-------+-------+-------+-------+-------+-------++-------
Melee: Mace              |    76 |   112 |    90 |       |   119 |       ||   397
       Headbutt          |    13 |    16 |    39 |   175 |   262 |    43 ||   548
       Flail             |       |       |    77 |   426 |       |       ||   503
       Kick              |       |       |     5 |   223 |       |       ||   228
       Eveningstar       |       |       |       |   135 |   657 |   135 ||   927
Invok: Berserk           |     1 |     3 |     5 |    13 |    14 |       ||    36
       Brothers in Arms  |       |       |       |     2 |    11 |     3 ||    16
  Use: Scroll            |     3 |     6 |     7 |    14 |    12 |     1 ||    43
       Potion            |       |     3 |     5 |     1 |       |     1 ||    10
 Stab: Invisible         |       |       |     4 |       |       |       ||     4
       Distracted        |       |       |       |       |     3 |       ||     3
       Confused          |       |       |       |       |       |     1 ||     1
Armor: Leather armour    |    19 |     7 |       |       |       |       ||    26
       Animal skin       |     3 |       |       |       |       |       ||     3
       Plate armour      |       |    42 |    68 |   283 |   355 |    69 ||   817
Dodge: Dodged            |    63 |    35 |    41 |   215 |   415 |    50 ||   819
Block: Other             |     6 |    19 |    19 |       |       |       ||    44
       Reflection        |     1 |       |     5 |       |       |       ||     6
       Buckler           |       |       |    31 |   125 |   217 |    39 ||   412

Table legend: (Time is in decaauts)
 A = Elapsed time spent in this place.
 B = Non-inter-level travel time spent in this place.
 C = Inter-level travel time spent in this place.
 D = Time resting spent in this place.
 E = Time spent auto-exploring this place.
 F = Levels seen in this place.
 G = Mean time per level.
                   A        B        C        D        E       F      G
               +--------+--------+--------+--------+--------+-----+--------+
         Total |  27820 |  24811 |   3009 |   5845 |  15251 |  25 | 1112.8 |
       Dungeon |  18268 |  16307 |   1961 |   4404 |   9512 |  15 | 1217.9 |
        Temple |    121 |    121 |      0 |      0 |    120 |   1 |  121.0 |
          Lair |   7057 |   6479 |    578 |    894 |   4754 |   6 | 1176.2 |
         Swamp |    367 |    282 |     85 |     65 |     71 |   1 |  367.0 |
  Orcish Mines |   2004 |   1621 |    383 |    480 |    793 |   2 | 1002.0 |
               +--------+--------+--------+--------+--------+-----+--------+

Top non-repeatable levels by time:
    D:12: 2561 daAuts
    D:14: 1684 daAuts
     D:8: 1522 daAuts
  Lair:6: 1476 daAuts
  Lair:3: 1455 daAuts
    D:15: 1433 daAuts
    D:11: 1395 daAuts
     D:6: 1342 daAuts
   Orc:2: 1222 daAuts
     D:9: 1170 daAuts
  Lair:1: 1109 daAuts
  Lair:4: 1106 daAuts
     D:2: 1039 daAuts
    D:10: 1036 daAuts
     D:3: 1027 daAuts
